 Dungeon Crawl Stone Soup version 0.26.1-10-gdfb7c7de75 (webtiles) character file.

Game seed: 12897582966031149055

172 infcreate the Sneak (level 5, 0/29 HPs)
             Began as a Vampire Enchanter on Apr 8, 2021.
             Slain by a big kobold
             ... wielding a +0 short sword
              (5 damage)
             ... in a sewer.
             The game lasted 00:12:42 (2701 turns).

infcreate the Sneak (Vampire Enchanter)             Turns: 2701, Time: 00:12:42

Health: 0/29       AC:  4    Str:  7    XL:     5   Next: 27%
Magic:  0/8        EV: 14    Int: 17    God:
Gold:   116        SH:  0    Dex: 16    Spells: 2/8 levels left

rFire    . . .     SeeInvis +   g - +1 dagger (venom)
rCold    + + .     Faith    .   (no shield)
rNeg     + + +     Spirit   .   b - +0 robe
rPois    ∞         Reflect  .   p - +1 helmet
rElec    .         Harm     .   (no cloak)
rCorr    .         Rampage  .   (no gloves)
Will     .....                  (no boots)
Stlth    ++++++....             (no amulet)
HPRegen  0.00/turn              Q - ring of stealth
MPRegen  0.11/turn              (no ring)

@: confusing touch, bloodless
A: fangs 3, see invisible, unbreathing
a: Bat Form, Revivify


You were in a sewer.
You visited 1 branch of the dungeon, and saw 3 of its levels.
You also visited: Sewer.

You collected 116 gold pieces.


Innate Abilities, Weirdness & Mutations

You do not regenerate when monsters are visible.
You are frail without blood (-20% HP).
You can heal yourself when you bite living creatures.
You are immune to poison.
You have razor-sharp teeth.
You have supernaturally acute eyesight. (SInv)
You can survive without breathing.


   Skills:
 + Level 1.2 Fighting
 * Level 2.5 Short Blades
 * Level 3.4 Dodging
 * Level 5.6 Stealth
 + Level 2.4 Spellcasting
 * Level 5.5 Hexes


You had 2 spell levels left.
You knew the following spells:

 Your Spells              Type           Power        Failure   Level
c - Corona                Hex            22%          1%          1
e - Ensorcelled Hibernat  Hex/Ice        22%          9%          2
t - Confusing Touch       Hex            20%          6%          3

Your spell library contained the following spells:

 Spells                   Type           Power        Failure   Level
 Tukima's Dance           Hex            20%          6%          3
 Dazzling Flash           Conj/Hex       22%          19%         3

Inventory:

Hand Weapons
 g - a +1 dagger of venom (weapon)
 o - a +2 dagger of electrocution
Armour
 b - a +0 robe (worn)
 p - a +1 helmet (worn)
Jewellery
 Q - a ring of stealth (left hand)
Scrolls
 a - a scroll of teleportation {@r4}
 e - 2 scrolls of identify {@r1}
 i - a scroll of remove curse {@r2}
Potions
 c - 2 potions of curing {@q1}
 d - a potion of ambrosia {unknown}
 f - a potion of haste {unknown}
 h - a potion of magic {unknown}
 k - a potion of mutation {unknown}
 m - a potion of lignification {unknown}
 n - a potion of resistance {unknown}
 r - a potion of cancellation {unknown}

Dungeon Overview and Level Annotations

Branches:
Dungeon (3/15)              Sewer (1/1)

Altars:

▒≈≈≈▒ ▒≈≈≈▒ ▒≈≈≈▒
▒▒≈≈≈▒▒ ▒.≈≈≈.▒
▒.≈≈≈.▒▒▒ ▒.≈≈≈..∩▒
▒.≈≈≈.▒▒▒ ▒@≈≈≈.▒
▒▒K≈≈≈≈▒▒
▒▒▒▒▒▒▒▒▒▒▒▒▒▒▒.≈≈≈≈≈.▒
≈≈≈≈≈≈≈≈≈≈≈≈((†≈≈≈≈≈≈.▒
▒▒▒▒▒▒▒▒▒▒▒▒▒▒▒)≈≈≈≈.≈▒
▒.≈≈≈≈..▒ ▒≈≈≈≈≈≈.▒
▒.≈≈≈≈≈.▒ ▒.≈≈≈≈≈.▒


You could see a big kobold.


Message History

The big kobold drinks a potion.
The big kobold is healed!
The big kobold looks more healthy.
The big kobold seems less confused.
Your magical contamination has completely faded away.
You closely miss the big kobold. You bite the big kobold.
You draw the big kobold's blood!
You feel better.
The big kobold is lightly wounded.
The big kobold splashes around in the water.
The big kobold hits you with a +0 short sword.
* * * LOW HITPOINT WARNING * * *
Okay, then.
As you read the scroll of teleportation {@r4}, it crumbles to dust.
You feel strangely unstable.
You enter the shallow water.
Moving in this stuff is going to be slow.
The big kobold hits you with a +0 short sword.
* * * LOW HITPOINT WARNING * * *
Your surroundings seem slightly different.
Splash!
You fall into the shallow water.
Moving in this stuff is going to be slow.
Casting: Confusing Touch (quite dangerous; 6% risk of failure)
Confirm with . or Enter, or press ? or * to list all spells.
The spell is quite dangerous to cast (6% risk of failure)!
Continue anyway?
Okay, then.
Casting: Confusing Touch (quite dangerous; 6% risk of failure)
Confirm with . or Enter, or press ? or * to list all spells.
The spell is quite dangerous to cast (6% risk of failure)!
Continue anyway?
Your hands begin to glow red.
The big kobold hits you with a +0 short sword.
You die...

Skill      XL: |  1  2  3  4 |
---------------+-------------+-----
Short Blades   | 2 |  2.5
Stealth        | 5 |  5.6
Hexes          | 5 |  5.5
Fighting       | 1 |  1.2
Dodging        | 3 |  3.4
Spellcasting   | |  2.4

Action                   |  1- 3 |  4- 6 || total
-------------------------+-------+-------++-------
Melee: Dagger            |    63 |    57 ||   120
       Bite              |     3 |     4 ||     7
 Cast: Corona            |    11 |     2 ||    13
       Ensorcelled Hiber |     5 |    12 ||    17
       Confusing Touch   |       |     3 ||     3
 Abil: Exsanguinate      |     1 |       ||     1
  Use: Scroll            |       |     6 ||     6
 Stab: Sleeping          |    29 |     9 ||    38
       Confused          |       |     1 ||     1
Armor: Robe              |    14 |     3 ||    17
Dodge: Dodged            |    27 |    38 ||    65

Levels and vault maps discovered:
D:1:      dpeg_arrival_court, layout_loops_ring
D:2:      kb_forest_paths, layout_basic, uniq_natasha
D:3:      layout_loops_corners, general_overflow_altar, portal_sewer_entry_d,
          trog_wizard, uniq_terence
Sewer:    sewer_kobolds

Notes
Turn   | Place    | Note
-------+----------+-------------------------------------------
     0 | D:1      | infcreate the Vampire Enchanter began the quest for the
                  | Orb.
     0 | D:1      | Reached XP level 1. HP: 13/13 MP: 3/3
   424 | D:1      | Reached XP level 2. HP: 13/15 MP: 5/5
   431 | D:1      | Learned a level 2 spell: Ensorcelled Hibernation
  1123 | D:2      | Reached XP level 3. HP: 11/20 MP: 4/6
  1127 | D:2      | Learned a level 3 spell: Confusing Touch
  1491 | D:2      | Reached skill level 2 in Short Blades
  1491 | D:2      | Reached skill level 5 in Stealth
  1491 | D:2      | Reached skill level 5 in Hexes
  1492 | D:2      | Noticed Natasha
  1803 | D:2      | Reached XP level 4. HP: 24/24 MP: 7/7
  1942 | D:2      | Killed Natasha
  1943 | D:2      | Reached skill level 1 in Fighting
  1943 | D:2      | Reached skill level 3 in Dodging
  2162 | D:2      | Noticed Natasha
  2179 | D:2      | Killed Natasha
  2372 | D:3      | Found a glowing drain.
  2383 | D:3      | Reached XP level 5. HP: 29/29 MP: 3/8
  2424 | Sewer    | Entered a sewer
  2701 | Sewer    | Slain by a big kobold

Vanquished Creatures
  Natasha (twice) (D:2)
  A worker ant zombie (D:2)
  2 river rats (Sewer)
  3 adders
  2 worms (D:2)
  A dart slug (D:1)
  3 giant cockroaches
  8 hobgoblins
  2 jackals (Sewer)
  8 kobolds
  2 quokkas (D:2)
  8 bats
  A frilled lizard (D:2)
  7 goblins
  8 rats
58 creatures vanquished.

Table legend: (Time is in decaauts)
 A = Elapsed time spent in this place.
 B = Non-inter-level travel time spent in this place.
 C = Inter-level travel time spent in this place.
 D = Time resting spent in this place.
 E = Time spent auto-exploring this place.
 F = Levels seen in this place.
 G = Mean time per level.
                   A        B        C        D        E       F      G
               +--------+--------+--------+--------+--------+-----+--------+
         Total |   2717 |   2415 |    302 |    863 |      0 |   4 |  679.2 |
       Dungeon |   2418 |   2116 |    302 |    760 |      0 |   3 |  806.0 |
         Sewer |    299 |    299 |      0 |    103 |      0 |   1 |  299.0 |
               +--------+--------+--------+--------+--------+-----+--------+

Top non-repeatable levels by time:
     D:2: 1168 daAuts
     D:1: 1093 daAuts
   Sewer: 299 daAuts
     D:3: 156 daAuts

Table legend:
 A = Non-vault XP
 B = Vault XP
 C = Vault XP percentage of total XP
 D = Non-vault monster count
 E = Vault monster count
 F = Vault count percentage of total count
                 A         B        C        D         E       F
            +---------+---------+-------+---------+---------+-------
      Total |     148 |      99 |  40.1 |      40 |      18 |  31.0
            +---------+---------+-------+---------+---------+-------
        D:1 |      34 |       0 |   0.0 |      19 |       0 |   0.0
        D:2 |     112 |      46 |  29.1 |      20 |       7 |  25.9
        D:3 |       2 |      13 |  86.7 |       1 |       1 |  50.0
      Sewer |       0 |      40 | 100.0 |       0 |      10 | 100.0
            +---------+---------+-------+---------+---------+-------
